 Dungeon Crawl Stone Soup version 0.22-a0-284-g99d1f74 (webtiles) character file.

10891 pkoi the Carver (level 11, -18/95 HPs)
             Began as a Minotaur Gladiator on Mar 20, 2018.
             Was a High Priest of Okawaru.
             Demolished by an ettin
             ... wielding a +0 dire flail
              (39 damage)
             ... on level 10 of the Dungeon on Mar 21, 2018.
             The game lasted 00:17:20 (8768 turns).

pkoi the Carver (Minotaur Gladiator)                Turns: 8768, Time: 00:17:21

Health: -18/95     AC: 21    Str: 21 (22) XL:     11   Next: 42%
Magic:  11/13      EV: 13    Int:  3 (5)  God:    Okawaru [*****.]
Gold:   331        SH:  0    Dex: 13 (15) Spells: 10/10 levels left

rFire    . . .     SeeInvis .   a - +0 long sword
rCold    . . .     Gourm    .   (no shield)
rNeg     . . .     Faith    .   p - +0 plate armour
rPois    +         Spirit   .   (helmet unavailable)
rElec    .         Reflect  .   B - +1 cloak
rCorr    .         Harm     .   z - +1 pair of gloves
MR       .....     Clarity  +   (no boots)
Stlth    ..........             q - amulet of regeneration
HPRegen  0.65/turn              m - ring of poison resistance
MPRegen  0.13/turn              o - +3 ring of dexterity

@: heroism
A: retaliatory headbutt, horns 3, clarity
a: Heroism, Finesse, Renounce Religion


You were on level 10 of the Dungeon.
You worshipped Okawaru.
Okawaru was extremely pleased with you.
You were not hungry.

You visited 1 branch of the dungeon, and saw 10 of its levels.

You collected 436 gold pieces.
You spent 105 gold pieces at shops.

Inventory:

Hand Weapons
 a - a +0 long sword (weapon)
Missiles
 d - 3 throwing nets
 i - 8 javelins
 u - 5 silver javelins
 w - 3 javelins of returning (quivered)
Armour
 p - a +0 plate armour (worn)
 z - a +1 pair of gloves (worn)
 B - a +1 cloak (worn)
Jewellery
 m - a ring of poison resistance (left hand)
 o - a +3 ring of dexterity (right hand)
 q - an amulet of regeneration (around neck)
 t - an uncursed ring of ice
 C - an uncursed ring of protection from fire
Wands
 r - a wand of acid (2)
 s - a wand of random effects (28)
 v - a wand of paralysis (7)
Scrolls
 e - 8 scrolls of identify
 j - 4 scrolls of remove curse
 l - a scroll of magic mapping
 n - 5 scrolls of teleportation
 y - a scroll of enchant armour
 A - a scroll of amnesia
 D - a scroll of blinking
 E - a scroll of fear
 F - a scroll of random uselessness {unknown}
Potions
 b - a potion of might
 c - a potion of agility
 g - a potion of magic
 h - 6 potions of curing
 k - 2 potions of haste
 x - a potion of heal wounds
Comestibles
 f - 22 rations
 G - 10 chunks of flesh


   Skills:
 + Level 8.7(13.7) Fighting
 + Level 12.1(17.1) Long Blades
 + Level 7.2(12.2) Throwing
 + Level 8.2(13.2) Armour
 + Level 8.4(13.4) Dodging
 + Level 4.2 Invocations
 + Level 3.9 Evocations


You had 10 spell levels left.
You didn't know any spells.

Dungeon Overview and Level Annotations

Branches:
Dungeon (10/15)              Lair (0/6) D:8
 Temple: D:4-7          Orc: D:9-12

Altars:
Ashenzari
Cheibriados
Hepliaklqana
Makhleb
Okawaru
Trog
Wu Jian
Xom
Yredelemnul
Zin
The Shining One

Shops:
D:5 [}=   D:10 =?%[

Annotations:
D:6 Eustachio


Innate Abilities, Weirdness & Mutations

You reflexively headbutt those who attack you in melee.
You have a pair of large horns on your head.
You possess an exceptional clarity of mind.


Message History

You hit the ettin.
The ettin is moderately wounded.
The ettin hits you with a dire flail!! The ettin closely misses you.
You slash the ettin! You headbutt the ettin.
The ettin is moderately wounded.
The ettin hits you with a dire flail. The ettin completely misses you.
You hit the ettin but do no damage.
The ettin is moderately wounded.
You hit the ettin but do no damage.
You headbutt the ettin, but do no damage.
The ettin is moderately wounded.
The ettin hits you with a dire flail!
* * * LOW HITPOINT WARNING * * *
The ettin hits you but does no damage.
You hit the ettin. You headbutt the ettin!
The ettin is severely wounded.
The ettin hits you with a dire flail!!
* * * LOW HITPOINT WARNING * * *
The ettin hits you with a dire flail!!!
You die...

#.).#########
########'#†#........
#........#(#.#######
#........#(#.#
#........#(#.#
#...######.#.#
#...#..=}#.#.#
#...#..})#.#.#
#..@#..# #.#.#
#...Co.# #...#
######## #####


You could see an orc knight and an ettin.

Vanquished Creatures
  A hydra (D:10)
  2 two-headed ogres (D:9)
  A centaur warrior (D:10)
  The ghost of NateTC the Grappler, a novice TrMo of Trog (D:7)
  Maurice (D:10)
  A gargoyle (D:10)
  3 kobold demonologists
  2 trolls
  A hippogriff (D:9)
  A spriggan (D:7)
  3 yaks (D:9)
  A hungry ghost (D:9)
  Menkaure (D:5)
  An acid dragon (D:10)
  A porcupine (D:8)
  4 orc warriors
  A sky beast (D:10)
  2 black bears (D:7)
  2 phantoms
  2 ice beasts (D:10)
  A necrophage (D:10)
  6 ogres
  6 centaurs
  4 crocodiles
  6 big kobolds
  Blork the orc (D:6)
  8 bullfrogs
  3 scorpions
  5 killer bees
  A howler monkey (D:9)
  A bullfrog zombie (D:8)
  3 crimson imps
  5 hounds
  4 jellies
  4 orc wizards
  A bullfrog skeleton (D:6)
  4 worker ants
  A mummy (D:8)
  A worker ant zombie (D:6)
  3 gnolls (D:4)
  A howler monkey zombie (D:8)
  7 adders
  4 oozes
  2 adder skeletons (D:5)
  An adder zombie (D:9)
  A worm (D:3)
  A dart slug (D:3)
  4 leopard geckos
  21 orcs
  11 giant cockroaches
  7 goblins
  9 hobgoblins
  17 jackals
  4 quokkas
  3 ball pythons
  10 bats
  7 frilled lizards
  29 kobolds
  2 leopard gecko skeletons
  12 rats
253 creatures vanquished.

Vanquished Creatures (others)
  A wizard (D:3)
  3 fungi (D:8)
4 creatures vanquished.

Grand Total: 257 creatures vanquished

Notes
Turn   | Place    | Note
-------+----------+-------------------------------------------
     0 | D:1      | pkoi the Minotaur Gladiator began the quest for the Orb.
     0 | D:1      | Reached XP level 1. HP: 18/18 MP: 0/0
    27 | D:1      | Reached skill level 4 in Long Blades
    62 | D:1      | Reached XP level 2. HP: 25/25 MP: 1/1
   400 | D:1      | Reached skill level 5 in Long Blades
   516 | D:1      | Reached XP level 3. HP: 29/30 MP: 2/2
   854 | D:2      | Reached skill level 6 in Long Blades
   854 | D:2      | Reached XP level 4. HP: 19/37 MP: 3/3
  1049 | D:2      | Found a glowing golden altar of the Shining One.
  1280 | D:2      | Found an ornate altar of the Wu Jian Council.
  1891 | D:3      | Found a bloodstained altar of Trog.
  1892 | D:3      | Noticed a wizard
  1898 | D:3      | Killed a wizard
  2289 | D:4      | Noticed a phantom
  2317 | D:4      | Killed a phantom
  2317 | D:4      | Reached skill level 7 in Long Blades
  2317 | D:4      | Reached XP level 5. HP: 31/42 MP: 4/4
  2357 | D:4      | Reached skill level 8 in Long Blades
  2481 | D:4      | Noticed an ogre
  2492 | D:4      | Reached XP level 6. HP: 35/50 MP: 5/5
  3151 | D:4      | Gained mutation: You possess an exceptional clarity of mind. [potion of mutation]
  3151 | D:4      | Gained mutation: You have a pair of large horns on your head. [potion of mutation]
  3162 | D:4      | Reached skill level 9 in Long Blades
  3601 | D:5      | Entered Level 5 of the Dungeon
  3671 | D:5      | Found Minoutis's Armour Shoppe.
  3692 | D:5      | Found Neykax's Gadget Shoppe.
  3808 | D:5      | Found Roes's Jewellery Emporium.
  3873 | D:5      | Noticed Menkaure
  3919 | D:6      | Noticed Eustachio
  4005 | D:6      | Found a shattered altar of Ashenzari.
  4009 | D:6      | Noticed Blork the orc
  4020 | D:6      | Killed Blork the orc
  4020 | D:6      | Reached skill level 1 in Armour
  4020 | D:6      | Reached XP level 7. HP: 47/56 MP: 6/6
  4318 | D:5      | Killed Menkaure
  4407 | D:5      | Found a glowing silver altar of Zin.
  4408 | D:5      | Noticed an angel
  4468 | D:5      | Found an iron altar of Okawaru.
  4473 | D:5      | Became a worshipper of Warmaster Okawaru
  4650 | D:6      | Found a hazy altar of Hepliaklqana.
  4959 | D:7      | Reached XP level 8. HP: 61/66 MP: 7/7
  5040 | D:7      | Reached * piety under Okawaru
  5046 | D:7      | Noticed NateTC's ghost (novice TrMo)
  5070 | D:7      | Killed NateTC's ghost
  5070 | D:7      | Reached skill level 5 in Fighting
  5070 | D:7      | Reached skill level 10 in Long Blades
  5070 | D:7      | Reached skill level 5 in Dodging
  5170 | D:7      | Reached ** piety under Okawaru
  5170 | D:7      | Reached XP level 9. HP: 43/74 MP: 8/8
  5179 | D:7      | Reached skill level 5 in Armour
  5331 | D:7      | Reached skill level 5 in Throwing
  5618 | D:8      | Found a staircase to the Lair.
  5697 | D:8      | Reached *** piety under Okawaru
  5849 | D:8      | Reached skill level 11 in Long Blades
  5907 | D:8      | Found a burning altar of Makhleb.
  5927 | D:8      | Found a shimmering altar of Xom.
  6004 | D:8      | Found a basalt altar of Yredelemnul.
  6334 | D:8      | Found a snail-covered altar of Cheibriados.
  6466 | D:9      | Reached skill level 1 in Invocations
  6466 | D:9      | Reached skill level 1 in Evocations
  6466 | D:9      | Reached XP level 10. HP: 68/86 MP: 9/9
  6558 | D:9      | Noticed a soul eater
  6584 | D:9      | Noticed a smoke demon
  6601 | D:8      | Reached **** piety under Okawaru
  6631 | D:9      | Received a gift from Okawaru
  6677 | D:9      | Noticed a two-headed ogre
  6688 | D:9      | Killed a two-headed ogre
  7004 | D:9      | Received a gift from Okawaru
  7170 | D:9      | Got an ichor-stained hunting sling
  7172 | D:9      | Identified the +4 hunting sling of the Shining Light {flame, Str+3} (You found it on level 9 of the Dungeon)
  7232 | D:9      | Noticed a two-headed ogre
  7245 | D:9      | Killed a two-headed ogre
  7245 | D:9      | Reached ***** piety under Okawaru
  7875 | D:10     | Entered Level 10 of the Dungeon
  7946 | D:10     | Found Xaatall's Food Shop.
  7950 | D:10     | Reached XP level 11. HP: 94/94 MP: 12/12
  7970 | D:10     | Noticed Maurice
  7994 | D:10     | Killed Maurice
  8011 | D:10     | Found Xoukae's Jewellery Shoppe.
  8021 | D:10     | Found Noan's Magic Scroll Emporium.
  8029 | D:10     | Bought a scroll of blinking for 105 gold pieces
  8077 | D:10     | Found Ziqenujets's Armour Emporium.
  8591 | D:10     | Noticed a centaur warrior
  8603 | D:10     | Noticed a four-headed hydra
  8610 | D:10     | Killed a centaur warrior
  8610 | D:10     | Reached skill level 12 in Long Blades
  8618 | D:10     | Killed a four-headed hydra
  8760 | D:10     | Noticed an orc knight
  8760 | D:10     | Noticed an ettin
  8768 | D:10     | Demolished by an ettin

Vault maps used:
D:1:      dpeg_arrival_prison, minmay_misc_feat_rows
D:2:      nicolae_overflow_hidden_temple, lemuel_crystal_altar
D:3:      first_ration, serial_glass, glass_columns_b, glass_columns_b,
          trog_wizard
D:5:      kennysheep_little_box, zin_angel, serial_shops,
          nicolae_shop_behind_doors, shop, nicolae_shop_stone, uniq_menkaure
D:6:      lemuel_crystal_altar, lemuel_round_altar, temple_green,
          uniq_eustachio, uniq_blork_the_orc
D:7:      grunt_ministairs_14, the_bakery
D:8:      old_standard_altar, slow_altar_2, nicolae_overflow_crystal_walls,
          old_standard_altar, due_lair_maze_entry_diamond
D:10:     minmay_shrinking_squares, serial_shops, nicolae_shop_window_shopping,
          nicolae_shop_crystal, shop, shop, uniq_maurice

Skill      XL: |  1  2  3  4  5  6  7  8  9 10 11 |
---------------+----------------------------------+-----
Long Blades    | 4 5 6 7 8 9 10 11 12 | 12.1
Armour         | 1 2 4 6 7 8 |  8.2
Fighting       | 4 5 7 8 |  8.7
Dodging        | 4 5 6 7 8 |  8.4
Throwing       | 3 4 5 6 7 |  7.2
Invocations    | 1 3 4 |  4.2
Evocations     | 1 3 |  3.9

Action                   |  1- 3 |  4- 6 |  7- 9 | 10-12 || total
-------------------------+-------+-------+-------+-------++-------
Melee: Long sword        |    79 |   144 |   217 |   234 ||   674
       Headbutt          |    12 |    23 |    58 |    76 ||   169
       Punch             |       |       |       |     1 ||     1
Throw: Javelin           |       |       |       |    12 ||    12
Invok: Heroism           |       |       |     2 |     6 ||     8
  Use: Potion            |       |     7 |       |     1 ||     8
       Scroll            |       |     8 |       |     6 ||    14
 Stab: Sleeping          |       |     2 |       |       ||     2
  Eat: Chunk             |       |    10 |     8 |     7 ||    25
Armor: Leather armour    |    31 |    17 |     6 |       ||    54
       Skin              |       |    21 |       |       ||    21
       Plate armour      |       |       |   106 |    86 ||   192
Dodge: Dodged            |    69 |    82 |    97 |   103 ||   351
       Rpst.: Long sword |    16 |    23 |    23 |    21 ||    83

Table legend:
 A = Spawn XP
 B = Non-spawn XP
 C = Spawn XP percentage of total XP
 D = Spawn monster count
 E = Non-spawn monster count
 F = Spawn count percentage of total count
 G = Total turns spent on level
                    A         B        C        D         E        F      G
               +---------+---------+-------+---------+---------+-------+---------
         Total |       0 |   15559 |   0.0 |       0 |     253 |   0.0 |  8768
               +---------+---------+-------+---------+---------+-------+---------
           D:1 |       0 |      67 |   0.0 |       0 |      37 |   0.0 |   785
           D:2 |       0 |      54 |   0.0 |       0 |      24 |   0.0 |   745
           D:3 |       0 |      64 |   0.0 |       0 |      20 |   0.0 |   711
           D:4 |       0 |     416 |   0.0 |       0 |      20 |   0.0 |  1530
           D:5 |       0 |     382 |   0.0 |       0 |      10 |   0.0 |   733
           D:6 |       0 |     421 |   0.0 |       0 |      16 |   0.0 |   431
           D:7 |       0 |    2885 |   0.0 |       0 |      42 |   0.0 |   667
           D:8 |       0 |    1203 |   0.0 |       0 |      14 |   0.0 |   826
           D:9 |       0 |    5335 |   0.0 |       0 |      43 |   0.0 |  1447
          D:10 |       0 |    4732 |   0.0 |       0 |      27 |   0.0 |   893
               +---------+---------+-------+---------+---------+-------+---------
